 Dungeon Crawl Stone Soup version 0.28-a0-1235-g7c8fac35f0 (webtiles) character file.

Game seed: 15996437005421605000

0 Gargoyl the Skirmisher (level 1, -1/23 HPs)
             Began as a Gnoll Abyssal Knight on Dec 25, 2021.
             Was a Follower of Lugonu.
             Slain by a ynoxinul (3 damage)
             ... on level 2 of the Abyss.
             The game lasted 00:00:28 (180 turns).

Gargoyl the Skirmisher (Gnoll Abyssal Knight)        Turns: 180, Time: 00:00:28

Health: -1/23      AC:  6    Str: 12    XL:     1   Next: 0%
Magic:  3/3        EV: 11    Int:  9    God:    Lugonu [*.....]
Gold:   23         SH:  0    Dex: 12    Spells: 0/0 levels left

rFire   . . .      SeeInvis .   a - +1 hand axe
rCold   . . .      Faith    .   (no shield)
rNeg    . . .      Spirit   .   d - +0 ring mail
rPois   .          Reflect  .   (no helmet)
rElec   .          Harm     .   (no cloak)
rCorr   .          Rampage  .   (no gloves)
Will    .....                   (no boots)
Stlth   +.........              (no amulet)
HPRegen 0.07/turn               (no ring)
MPRegen 0.08/turn               (no ring)

@: no status effects
A: fangs 1, strong nose, distributed training
a: Renounce Religion, Depart the Abyss


You were on level 2 of the Abyss.
You worshipped Lugonu.
Lugonu was aware of your devotion.
You visited 0 branches of the dungeon, and saw 0 of its levels.
You visited the Abyss 1 time.

You collected 23 gold pieces.

Inventory:

Hand Weapons
 a - a +1 hand axe (weapon)
Armour
 d - a +0 ring mail (worn)


   Skills:
 + Level 6.4 Fighting
 + Level 0.0 Short Blades
 + Level 0.0 Long Blades
 + Level 4.4 Axes
 + Level 0.0 Maces & Flails
 + Level 0.0 Polearms
 + Level 0.0 Staves
 + Level 0.0 Slings
 + Level 0.0 Bows
 + Level 0.0 Crossbows
 + Level 0.0 Throwing
 + Level 4.4 Armour
 + Level 2.3 Dodging
 + Level 0.0 Stealth
 + Level 0.0 Shields
 + Level 0.0 Unarmed Combat
 + Level 0.0 Spellcasting
 + Level 0.0 Conjurations
 + Level 0.0 Hexes
 + Level 0.0 Summonings
 + Level 0.0 Necromancy
 + Level 0.0 Translocations
 + Level 0.0 Transmutations
 + Level 0.0 Fire Magic
 + Level 0.0 Ice Magic
 + Level 0.0 Air Magic
 + Level 0.0 Earth Magic
 + Level 0.0 Poison Magic
 + Level 4.4 Invocations
 + Level 0.0 Evocations


You couldn't memorise any spells.
You didn't know any spells.
Your spell library was empty.

Dungeon Overview and Level Annotations

Branches:
Dungeon (0/15)

Altars:


Innate Abilities, Weirdness & Mutations

You have very sharp teeth.
Your uncanny sense of smell can sniff out nearby items.
Your experience applies equally to all skills.


Message History

The ufetubus closely misses you. x2
The ufetubus closely misses you. The ufetubus barely misses you.
The ufetubus closely misses you. The ufetubus barely misses you.
The ufetubus misses you. The ufetubus hits you.
The ufetubus hits you. x2; The ufetubus barely misses you.
The ufetubus closely misses you.
The ufetubus hits you but does no damage.
The ufetubus closely misses you.
You barely miss the ufetubus. The ufetubus barely misses you.
The ufetubus hits you but does no damage. x3
Unknown command.
You miss the ufetubus.
The ufetubus hits you but does no damage. x3
The ufetubus closely misses you.
You hit the ufetubus. Your bite misses the ufetubus.
The ufetubus is severely wounded.
The ufetubus closely misses you.
The ufetubus hits you but does no damage.
The ynoxinul gestures.
Unknown command.
You hit the ufetubus.
You kill the ufetubus!
The ufetubus disappears in a puff of smoke!
Unknown command.
You hit the ynoxinul.
The ynoxinul is lightly wounded.
The ynoxinul barely misses you.
You hit the ynoxinul. Your bite misses the ynoxinul.
The ynoxinul is lightly wounded.
The ynoxinul closely misses you.
Unknown command.
You barely miss the ynoxinul. Your bite misses the ynoxinul.
The ynoxinul is lightly wounded.
The ynoxinul hits you.
* * * LOW HITPOINT WARNING * * *
Unknown command.
You hit the ynoxinul.
The ynoxinul is lightly wounded.
The ynoxinul hits you.
You die...

#. #..#.#. ..#
.##..#..###5# ##
.# ### . ..# .#
.. . .# # .#
.#[.##.#.##...###
#.. #...#### ##∆
#.
##....#..3..#.# .
# # ## ####.#3##
. #. . ##@# # .
### ### ##. . # #
#


You could see a ynoxinul.

Vanquished Creatures (others)
  A lurking horror (Abyss:2)
1 creature vanquished.

Notes
Turn   | Place    | Note
-------+----------+-------------------------------------------
     0 | Abyss:1  | Gargoyl the Gnoll Abyssal Knight began the quest for the
                  | Orb.
     0 | Abyss:1  | Reached XP level 1. HP: 23/23 MP: 3/3
    51 | Abyss:1  | Noticed a small abomination
   153 | Abyss:2  | Noticed a ynoxinul
   180 | Abyss:2  | Slain by a ynoxinul

Illustrated notes

Levels and vault maps discovered:
Abyss:2:  base:
Temple

Action                   || total
-------------------------++-------
Melee: Hand axe          ||     8
  Use: Scroll            ||     2
       Potion            ||     1
Armor: Ring mail         ||     8
Dodge: Dodged            ||    15

Table legend: (Time is in decaauts)
 A = Elapsed time spent in this place.
 B = Non-inter-level travel time spent in this place.
 C = Inter-level travel time spent in this place.
 D = Time resting spent in this place.
 E = Time spent auto-exploring this place.
 F = Levels seen in this place.
 G = Mean time per level.
                   A        B        C        D        E       F      G
               +--------+--------+--------+--------+--------+-----+--------+
         Total |    180 |    180 |      0 |      0 |    104 |   2 |   90.0 |
         Abyss |    180 |    180 |      0 |      0 |    104 |   2 |   90.0 |
               +--------+--------+--------+--------+--------+-----+--------+

Top non-repeatable levels by time:
 Abyss:2: 127 daAuts
 Abyss:1: 53 daAuts
